AoeStats
← samuelssonjonte

QS Arena

503567413Analyzed
1v1 RM · 2mo ago on Sep 1, 2026· 37m 30s· 2 players
Game mode
Random Map
Map size
Tiny (2 player)
Population
200
Speed
Normal
Resources
Standard
Victory
Conquest
Starting age
Dark Age
Ending age
Imperial Age
RankedLock teamsTeams togetherTeam positionsShared explorationLock speedFull tech treeHidden civsTurbo modeCheats
Victory
Defeat
🇮🇹 Byzantines · Italy
633
+12
vs
🇸🇪 Khmer · Sweden
553
-12
samuelssonjonte
8:57 Feudal Age
11:34 Double-Bit Axe
11:33 Horse Collar
16:23 Castle Age
16:27 Stone Mining
16:27 Gold Mining
21:00 Bow Saw
20:58 Loom
22:31 Bloodlines
22:22 Husbandry
29:09 Imperial Age
31:32 Scale Barding Armor
31:37 Forging
31:44 Onager
36:32 Conscription
36:17 Double Crossbow
MARVIL
8:37 Feudal Age
10:12 Wheelbarrow
9:27 Double-Bit Axe
15:02 Horse Collar
21:14 Castle Age
19:56 Gold Mining
20:33 Fletching
23:10 Bow Saw
23:48 Heavy Plow
27:58 Imperial Age
26:43 Bodkin Arrow
28:25 Forging
29:29 Bracer
29:23 Pikeman
37:01 Iron Casting
Connection lost

Rejoining the realm…

Still unreachable

The connection could not be restored.

Session expired

The server has moved on; the page needs a fresh start.